 Dungeon Sprint DCSS version 0.29.1-1-gd02db6906a (console) character file.

Game seed: 11441027246188198441

2377 erker the Cleaver (level 9, -2/78 HPs)
             Began as a Formicid Fighter on Oct 14, 2022.
             Was a Priest of Okawaru.
             Slain by a sixfirhy (11 damage)
             ... summoned by an orc high priest
             ... in the Dungeon (Sprint III: "The Ten Rune Challenge").
             The game lasted 00:07:42 (1439 turns).

erker the Cleaver (Formicid Fighter)                Turns: 1439, Time: 00:07:43

Health: -2/78      AC: 11    Str: 24    XL:     9   Next: 73%
Magic:  9/9        EV: 13    Int:  9    God:    Okawaru [***...]
Gold:   39         SH:  7    Dex: 13    Spells: 8/8 levels left

rFire   . . .      SeeInvis +   a - +0 war axe
rCold   . . .      Faith    .   c - +0 buckler
rNeg    . . .      Spirit   .   b - +0 scale mail
rPois   .          Reflect  .   (helmet unavailable)
rElec   .          Harm     .   h - +0 cloak {Will+}
rCorr   .          Rampage  .   (no gloves)
Will    +....                   d - +0 pair of boots
Stlth   ..........              (no amulet)
HPRegen 0.23/turn               (no ring)
MPRegen 0.11/turn               (no ring)

@: no status effects
A: permanent stasis, dig shafts and tunnels, antennae 3, four strong arms
a: Dig, Renounce Religion, Heroism


You were in the Dungeon.
You worshipped Okawaru.
Okawaru was most pleased with you.
You visited 1 branch You collected 39 gold pieces.

Inventory:

Hand Weapons
 a - a +0 war axe (weapon)
 i - a +2 quarterstaff of chaos
Armour
 b - a +0 scale mail (worn)
 c - a +0 buckler (worn)
 d - a +0 pair of boots (worn)
 h - a +0 cloak of willpower (worn)
Scrolls
 k - 4 scrolls of immolation {unknown}
 l - 3 scrolls of identify
Potions
 e - a potion of curing
 f - 2 potions of heal wounds
 g - 2 potions of magic
 j - 4 potions of mutation {unknown}
 m - 4 potions of flight
Miscellaneous
 n - a lightning rod (4/4)


   Skills:
 + Level 10.1 Fighting
 * Level 12.5 Axes
 + Level 10.1 Armour
 + Level 7.9 Dodging
 + Level 12.0 Shields


You had 8 spell levels left.
You didn't know any spells.
Your spell library contained the following spells:

 Spells                   Type           Power      Damage    Failure   Level
 Gell's Gravitas          Tloc           0%         N/A       96%         3
 Inner Flame              Hex/Fire       0%         N/A       96%         3
 Lesser Beckoning         Tloc           0%         N/A       96%         3
 Teleport Other           Tloc           0%         N/A       96%         3
 Cause Fear               Hex            0%         N/A       100%        4
 Discord                  Hex            0%         N/A       100%        8


Dungeon Overview and Level Annotations

Branches:
Dungeon (1/1)

Altars:
Cheibriados
Dithmenos
Elyvilon
Fedhas
Gozag
Hepliaklqana
Kikubaaqudgha
Makhleb
Nemelex Xobeh
Okawaru
Qazlal
Ru
Sif Muna
Trog
Uskayaw
Vehumet
Wu Jian
Xom
Yredelemnul
Zin
The Shining One
Jiyva
Lugonu

Shops:
D :


Innate Abilities, Weirdness & Mutations

You cannot be hasted, slowed, berserked, paralysed or teleported.
You can dig through walls and to a lower floor.
You have a pair of large antennae on your head. (SInv)
Your four strong arms can wield two-handed weapons with a shield.


Message History

You hear a shout! x3
You barely miss the orc priest.
You hear a shout!
The orc priest calls down the wrath of Beogh upon you.
Beogh smites you!
You barely miss the orc priest.
The orc priest hits you with a +0 trident.
You hit the orc priest.
The orc priest is moderately wounded.
An orc priest comes into view. It is wielding a +0 club.
An orc high priest comes into view. It is wielding a +0 war axe.
The orc priest hits you but does no damage.
You slash the orc priest!
The orc priest is almost dead.
The orc priest looks braver for a moment.
The orc high priest utters an invocation to Beogh.
The orc priest looks satisfied for a moment.
You hear a shout!
You barely miss the orc priest.
The orc priest is almost dead.
The orc priest hits you with a +0 trident.
The orc wizard casts a spell.
The orc wizard flickers and vanishes for a moment.
The orc high priest says, "Oblivion to the unbeliever."
The orc high priest prays to Beogh.
You hear a shout!
You hear a shout!
You block the orc priest's attack.
You hear a shout!
The orc priest miscasts a cantrip.
The sixfirhy attacks as you move away! The sixfirhy completely misses you.
You block the sixfirhy's attack.
Things that are here:
a +0 long sword; a +0 leather armour; an orc corpse You miss the sixfirhy.
The sixfirhy hits you. The sixfirhy shocks you!
* * * LOW HITPOINT WARNING * * *
The sixfirhy misses you. x2; The sixfirhy hits you!
* * * LOW HITPOINT WARNING * * *
The sixfirhy shocks you!
You die...

.#..###'#'###)##o{{{{
'#..#..........#{{{{{ {{
#...'.⌠........#{#
#...#...######'#$#
....#.⌠.#__#...#{###########
....#...#__#...#.{..#.#.#..
....#'###__#...##.#..#.##.#
....#)).#__#...'##)#.#.##)#{
....#___#__'...#@3)#..#..##
{ ▓▓▓▓▓▓▓▓▓▓▓▓▓▓▓▓▓▓▓▓▓▓▓▓▓▓
{ { { {{ { {{


You could see a sixfirhy (summoned).

Vanquished Creatures
  An orc high priest (D)
  A deep elf pyromancer (D)
  A shadow (D)
  A spatial vortex (D)
  An orc warrior (D)
  4 two-headed ogres (D)
  A necrophage (D)
  A water elemental (D)
  A jelly (D)
  Crazy Yiuf (D)
  A wizard (D)
  A necromancer (D)
  3 humans (D)
  A kobold demonologist (D)
  An orc (D)
  2 endoplasms (D)
  2 rats (D)
24 creatures vanquished.

Vanquished Creatures (others)
  2 plants (D)
2 creatures vanquished.

Grand Total: 26 creatures vanquished

Notes
Turn   | Place    | Note
-------+----------+-------------------------------------------
     0 | D        | erker the Formicid Fighter began the quest for the Orb.
     0 | D        | Reached XP level 1. HP: 18/18 MP: 1/1
    68 | D        | Reached skill level 1 in Dodging
    68 | D        | Reached XP level 2. HP: 13/25 MP: 2/2
    68 | D        | Reached XP level 3. HP: 15/30 MP: 3/3
   210 | D        | Noticed Crazy Yiuf
   216 | D        | Killed Crazy Yiuf
   217 | D        | Reached skill level 5 in Shields
   217 | D        | Reached XP level 4. HP: 35/38 MP: 4/4
   256 | D        | Noticed a water elemental
   260 | D        | Killed a water elemental
   261 | D        | Reached skill level 5 in Fighting
   261 | D        | Reached skill level 5 in Axes
   261 | D        | Reached skill level 5 in Armour
   261 | D        | Reached XP level 5. HP: 41/44 MP: 5/5
   270 | D        | Found a basalt altar of Yredelemnul.
   270 | D        | Found a shadowy altar of Dithmenos.
   270 | D        | Found a sacrificial altar of Ru.
   280 | D        | Reached XP level 6. HP: 44/52 MP: 6/6
   282 | D        | Found a hide-covered altar of Uskayaw.
   282 | D        | Found an iron altar of Okawaru.
   283 | D        | Found a bloodstained altar of Trog.
   283 | D        | Found an ornate altar of the Wu Jian Council.
   283 | D        | Noticed a human
   283 | D        | Noticed a human
   295 | D        | Killed a human
   298 | D        | Killed a human
   299 | D        | Reached skill level 5 in Dodging
   299 | D        | Reached XP level 7. HP: 25/60 MP: 7/7
   312 | D        | Became a worshipper of Warmaster Okawaru
   475 | D        | Noticed a shadow
   486 | D        | Killed a shadow
   527 | D        | Found a blossoming altar of Fedhas.
   527 | D        | Found a stormy altar of Qazlal.
   527 | D        | Found a snail-covered altar of Cheibriados.
   527 | D        | Found a burning altar of Makhleb.
   527 | D        | Found a shimmering altar of Xom.
   527 | D        | Noticed a spatial vortex
   531 | D        | Found a hazy altar of Hepliaklqana.
   531 | D        | Found an opulent altar of Gozag.
   531 | D        | Found a sparkling altar of Nemelex Xobeh.
   531 | D        | Found a corrupted altar of Lugonu.
   531 | D        | Found a viscous altar of Jiyva.
   539 | D        | Killed a spatial vortex
   539 | D        | Reached * piety under Okawaru
   540 | D        | Reached skill level 10 in Axes
   540 | D        | Reached XP level 8. HP: 40/68 MP: 8/8
   670 | D        | Found a radiant altar of Vehumet.
   672 | D        | Found a shimmering blue altar of Sif Muna.
   672 | D        | Found an ancient bone altar of Kikubaaqudgha.
   766 | D        | Found a glowing silver altar of Zin.
   768 | D        | Found a glowing golden altar of the Shining One.
   768 | D        | Found a white marble altar of Elyvilon.
   768 | D        | Noticed a deep elf pyromancer
   773 | D        | Killed a deep elf pyromancer
   774 | D        | Reached skill level 10 in Shields
   844 | D        | Reached ** piety under Okawaru
   886 | D        | Reached XP level 9. HP: 21/76 MP: 6/9
  1165 | D        | Noticed a two-headed ogre
  1174 | D        | Killed a two-headed ogre
  1400 | D        | Found Hadaut's Book Emporium.
  1401 | D        | Noticed an orc high priest
  1418 | D        | Killed an orc high priest
  1418 | D        | Reached *** piety under Okawaru
  1419 | D        | Reached skill level 10 in Fighting
  1419 | D        | Reached skill level 10 in Armour
  1431 | D        | Noticed an orc high priest
  1433 | D        | Noticed an ice devil
  1433 | D        | Noticed a sun demon
  1434 | D        | Noticed a sixfirhy
  1439 | D        | Slain by a sixfirhy

Illustrated notes

Levels and vault maps discovered:
D:        dungeon_sprint_mu [sprint_mu_entry_cave, sprint_mu_temple_rooms,
          sprint_mu_d1_spiders, sprint_mu_d2_genie, sprint_mu_d3_branching,
          sprint_mu_orc_legion, sprint_mu_elf_gauntlet, sprint_mu_hive_nellie,
          sprint_mu_lair_fedhas, sprint_mu_vaults_butterflies,
          sprint_mu_slime_circle, sprint_mu_swamp_cave, sprint_mu_shoals_kraken,
          sprint_mu_blade_basic, sprint_mu_crypt_fortress,
          sprint_mu_tomb_spiral, sprint_mu_vestibule_basic,
          sprint_mu_gehenna_hellfire, sprint_mu_dis_giant,
          sprint_mu_tartarus_statrot, sprint_mu_cocytus_islands, sprint_mu_zot1]

Skill      XL: |  1  2  3  4  5  6  7  8  9 |
---------------+----------------------------+-----
Fighting       | 4 5 6 7 8 9 10 | 10.1
Axes           | 3 4 5 6 8 10 11 12 | 12.5
Armour         | 4 5 6 7 8 9 10 | 10.1
Dodging        | 1 2 3 4 5 6 7 |  7.9
Shields        | 5 6 7 8 9 10 12 | 12.0

Action                   |  1- 3 |  4- 6 |  7- 9 || total
-------------------------+-------+-------+-------++-------
Melee: War axe           |    23 |    26 |    88 ||   137
Invok: Heroism           |       |       |     5 ||     5
  Use: Potion            |       |     1 |       ||     1
 Stab: Sleeping          |       |       |     1 ||     1
Armor: Scale mail        |     9 |     7 |    12 ||    28
Dodge: Dodged            |     5 |     9 |    34 ||    48
Block: Buckler           |     6 |     6 |    18 ||    30
